 Dungeon Crawl Stone Soup version 0.32-a0-834-geaf45d8e21 (webtiles) character file.

Game seed: 14222287515838171488

17471 croobank the Summoner (level 12, -2/95 HPs)
             Began as a Gnoll Summoner on Mar 25, 2024.
             Was a Priest of Ashenzari.
             Slain by a yak (4 damage)
             ... while petrified by a basilisk
             ... on level 1 of the Lair of Beasts.
             The game lasted 00:52:24 (14230 turns).

croobank the Summoner (Gnoll Summoner)             Turns: 14230, Time: 00:52:25

Health: -2/95      AC:  9    Str:  8    XL:     12   Next: 48%
Magic:  26/26      EV:  2    Int: 19    God:    Ashenzari [***...]
Gold:   441        SH:  0    Dex: 13    Spells: 18/32 levels left

rFire   + + +        k - +7 great mace "Firestarter" {flame, immolate, rFlCloud rF++}
rCold   + + .        (shield currently unavailable)
rNeg    + + +        J - +2 troll leather armour of Ashenzari's Portent {Regen+, Comp, Elem} (curse)
rPois   ∞            r - +2 hat of Ashenzari's Prison {Comp, Cun} (curse)
rElec   .            d - scarf "Share My Soothsayer" {rC+ rF+, Bglg, Cun} (curse)
rCorr   .            (no gloves)
SInv    +            M - +0 pair of boots "Ensconced Maltheism" {Dev, Fort} (curse)
Will    .....        u - amulet "Per Aspera Ad Scientiam" {Reflect SH+5, Elem, Self} (curse)
Stlth   ++++         v - ring of protection from cold
HPRegen 1.15/turn    (no ring)
MPRegen 0.20/turn

%: reflection, clarity
@: petrified
A: fangs 1, strong nose, distributed training
a: Renounce Religion, Curse Item, Shatter the Chains


You were on level 1 of the Lair of Beasts.
You worshipped Ashenzari.
Ashenzari was most pleased with you.
You visited 3 branches of the dungeon, and saw 14 of its levels.
You also visited: Gauntlet.

You collected 754 gold pieces.
You spent 313 gold pieces at shops.

Inventory:

Hand Weapons
 e - a +8 hand axe
 f - a +0 broad axe
 k - the +7 great mace "Firestarter" (weapon) {flame, immolate, rFlCloud rF++}
   (You found it on level 11 of the Dungeon)

   rFlCloud:  It grants immunity to clouds of flame.
   rF++:      It greatly protects you from fire.
 y - a +0 orcbow
 C - a +3 spear
 E - a +3 halberd of freezing
 G - a +2 spear of flaming
 K - a +0 scimitar
 O - a +0 hand axe of flaming
 Q - a +2 hand axe of freezing
 S - a +3 dagger
 X - a +4 short sword
Missiles
 H - 2 throwing nets
 N - 3 darts of dispersal
 W - 9 poisoned darts
Armour
 a - a +3 leather armour
 d - the cursed scarf "Share My Soothsayer" (worn) {rC+ rF+, Bglg, Cun}
   (You found it on level 1 of the Dungeon)

   It has a curse which improves the following skills: Beguiling: Hexes and
   Translocations.
   Cunning:   Dodging and Stealth.
 l - a scarf of shadows
 r - the cursed +2 hat of Ashenzari's Prison (worn) {Comp, Cun}
   (You found it on level 2 of the Dungeon)

   It has a curse which improves the following skills: Companions: Summonings
   and Necromancy.
   Cunning:   Dodging and Stealth.
 J - the cursed +2 troll leather armour of Ashenzari's Portent (worn) {Regen+, Comp, Elem}
   (You found it on level 8 of the Dungeon)

   Regen+:    It increases your rate of health regeneration.
   It has a curse which improves the following skills: Companions: Summonings
   and Necromancy.
   Elements:  Fire Magic, Ice Magic, Air Magic and Earth Magic.
 M - the cursed +0 pair of boots "Ensconced Maltheism" (worn) {Dev, Fort}
   (You found it on level 8 of the Dungeon)

   It has a curse which improves the following skills: Devices: Evocations and
   Shapeshifting.
   Fortitude: Armour and Shields.
 Y - a +2 cloak
Jewellery
 u - the cursed amulet "Per Aspera Ad Scientiam" (around neck) {Reflect SH+5, Elem, Self}
   (You found it on level 3 of the Dungeon)

   [amulet of reflection]

   Reflect:   It reflects blocked missile attacks.
   SH+5:      It affects your SH (+5).
   It has a curse which improves the following skills: Elements: Fire Magic, Ice
   Magic, Air Magic and Earth Magic.
   Introspection: Fighting and Spellcasting.
 v - a ring of protection from cold (left hand)
Talismans
 m - a dragon-blood talisman
 n - a beast talisman
Wands
 c - a wand of quicksilver (14)
 o - a wand of warping (1)
 F - a wand of charming (10)
 L - a wand of flame (25)
Scrolls
 h - a scroll of noise
 w - 8 scrolls of identify
 x - 4 scrolls of teleportation
 z - 5 scrolls of fear
 B - 3 scrolls of immolation
 P - 2 scrolls of vulnerability
 R - a scroll of fog
 U - 2 scrolls of silence
 V - a scroll of enchant armour
 Z - 3 scrolls of amnesia
Potions
 b - 2 potions of magic
 g - 3 potions of enlightenment
 i - a potion of mutation
 j - a potion of invisibility
 p - 3 potions of berserk rage
 q - 10 potions of curing
 s - 3 potions of lignification
 t - 2 potions of ambrosia
 A - 2 potions of brilliance
 D - 3 potions of heal wounds
 I - a potion of attraction
 T - a potion of might


   Skills:
 + Level 7.6(9.1) Fighting
 + Level 7.6 Short Blades
 + Level 7.6 Long Blades
 + Level 7.6 Axes
 + Level 7.6 Maces & Flails
 + Level 7.6 Polearms
 + Level 7.6 Staves
 + Level 7.6 Ranged Weapons
 + Level 7.6 Throwing
 + Level 7.6(9.1) Armour
 + Level 9.0(11.2) Dodging
 + Level 8.8(11.0) Stealth
 + Level 7.6(9.1) Shields
 + Level 7.6 Unarmed Combat
 + Level 9.2(10.7) Spellcasting
 + Level 6.3 Conjurations
 + Level 6.3(7.8) Hexes
 + Level 9.6(11.8) Summonings
 + Level 6.3(8.6) Necromancy
 + Level 6.3(7.8) Translocations
 + Level 6.3(8.6) Fire Magic
 + Level 6.3(8.6) Ice Magic
 + Level 6.3(8.6) Air Magic
 + Level 6.3(8.6) Earth Magic
 + Level 6.3 Alchemy
 + Level 8.3 Invocations
 + Level 7.6(9.1) Evocations
 + Level 6.9(8.4) Shapeshifting


You had 18 spell levels left.
You knew the following spells:

 Your Spells              Type           Power      Damage    Failure   Level
a - Summon Small Mammal   Summ           100%       N/A       1%          1
b - Call Imp              Summ           100%       N/A       1%          2
c - Call Canine Familiar  Summ           53%        N/A       1%          3
d - Summon Blazeheart Go  Fire/Summ      49%        N/A       1%          4
e - Summon Lightning Spi  Summ/Air       49%        N/A       1%          4

Your spell library contained the following spells:

 Spells                   Type           Power      Damage    Failure   Level
 Apportation              Tloc           80%        N/A       1%          1
 Freeze                   Ice            100%       1d10      1%          1
 Magic Dart               Conj           100%       1d8       1%          1
 Necrotise                Necr           100%       1d9       1%          1
 Sting                    Conj/Alch      100%       1d9       1%          1
 Lesser Beckoning         Tloc           80%        N/A       1%          2
 Searing Ray              Conj           68%        2d6       1%          2
 Frozen Ramparts          Ice            84%        1d13      1%          3
 Hailstorm                Conj/Ice       38%        3d9       1%          3
 Sigil of Binding         Hex            40%        N/A       1%          3
 Dimensional Bullseye     Hex/Tloc       20%        N/A       3%          4
 Fulminant Prism          Conj/Alch      17%        3d10      7%          4
 Death Channel            Necr           21%        N/A       38%         6
 Borgnjor's Revivificati  Necr           21%        N/A       100%        8


Dungeon Overview and Level Annotations

Branches:
Dungeon (12/15)            Temple (1/1) D:5            Lair (1/5) D:10
    Orc (0/2) D:9         Gauntlet (visited)

Altars:
Ashenzari
Cheibriados
Dithmenos
Elyvilon
Fedhas
Gozag
Hepliaklqana
Kikubaaqudgha
Makhleb
Nemelex Xobeh
Okawaru
Qazlal
Ru
Sif Muna
Trog
Uskayaw
Vehumet
Wu Jian
Xom
Yredelemnul
Zin
The Shining One

Shops:
D:4 *(*   D:6 !   D:7 :   D:8 =   D:11 [


Innate Abilities, Weirdness & Mutations

You have very sharp teeth.
Your uncanny sense of smell can sniff out nearby items.
Your experience applies equally to all skills.


Message History

You kill the wolf!
The wolf's inner flame fades away. x2
The basilisk gazes at you.
You are slowing down.
The yak barely misses you. The wolf bites you. The basilisk barely misses you.
The yak gores you. The wolf closely misses you. You block the wolf's attack.
You closely miss the wolf.
The wolf is moderately wounded.
The wolf bites you but does no damage. The wolf barely misses you.
You block the wolf's attack. The wolf bites you! The basilisk bites you!
The yak barely misses you. The wolf bites you.
* * * LOW HITPOINT WARNING * * *
The wolf bites you.
* * * LOW HITPOINT WARNING * * *
The basilisk bites you.
* * * LOW HITPOINT WARNING * * *
You have turned to stone.
The wolf bites you but does no damage. The wolf bites you.
* * * LOW HITPOINT WARNING * * *
The water moccasin bites you.
* * * LOW HITPOINT WARNING * * *
The basilisk bites you!
* * * LOW HITPOINT WARNING * * *
The yak gores you but does no damage. The wolf bites you but does no damage.
The wolf bites you.
* * * LOW HITPOINT WARNING * * *
The wolf bites you.
* * * LOW HITPOINT WARNING * * *
The wolf bites you.
* * * LOW HITPOINT WARNING * * *
The water moccasin barely misses you. The basilisk bites you.
The yak gores you but does no damage.
The wolf bites you but does no damage. x2
The water moccasin bites you but does no damage.
The wolf bites you but does no damage. The wolf bites you.
* * * LOW HITPOINT WARNING * * *
The yak gores you!
* * * LOW HITPOINT WARNING * * *
The basilisk completely misses you. The yak gores you!
You die...

....# ##.# ..# ##
...## #.# ..#...
...# #.# ####
..#... ...##
#.###..####.....#
....#
#............#..#
...##
#...............#
†..#
#.####.......P..#
....# #..#
##.Y.......#
.........#
#..Y@hY.....
.........#
##[Slh..#...
.........#
#..Y...# ##
..#.##.#.#
#........ ..###
........... ...
##.......... .
........... .
...####.....


You could see 4 yaks, a basilisk (inner flame), a water moccasin and 2 wolves.

Vanquished Creatures
  Harold (D:11)
  Urug (D:10)
  4 cyclopes (D:12)
  Maurice (D:10)
  A cane toad (Lair:1)
  3 komodo dragons
  A freezing wraith (D:12)
  3 trolls
  A hornet (D:9)
  A raiju (shapeshifter) (D:12)
  3 blink frogs (Lair:1)
  A water elemental (D:11)
  A wyvern (D:10)
  10 yaks
  A vampire (D:11)
  A wraith (D:10)
  3 vampire mosquitoes (D:11)
  4 water moccasins
  2 orc warriors
  A sky beast (D:8)
  4 ice beasts
  4 wolves (Lair:1)
  3 centaurs
  A phantom (D:5)
  2 bullfrogs
  A kobold brigand (D:9)
  A gnoll sergeant (D:7)
  2 wights (D:6)
  4 electric eels (D:11)
  A bombardier beetle (D:3)
  A hound (D:7)
  5 orc priests
  An iguana (D:5)
  9 orc wizards
  2 gnolls (D:5)
  An adder (D:5)
  A white imp (D:8)
  3 dart slugs
  34 orcs
  4 bats
  5 endoplasms
  8 giant cockroaches
  A hobgoblin (D:2)
  A quokka (D:3)
  4 ball pythons
  2 frilled lizards (D:2)
  A goblin (D:1)
  4 kobolds
  5 rats
159 creatures vanquished.

Vanquished Creatures (collateral kills)
  Snorg (D:10)
  A boulder beetle (D:12)
  A deep elf pyromancer (D:9)
  A kobold demonologist (D:10)
  Psyche (D:8)
  A troll (D:10)
  A hornet (D:9)
  Eustachio (D:4)
  A steam dragon (D:8)
  A vampire mosquito (D:10)
  An acid dragon (D:9)
  5 water moccasins
  An ice beast (D:7)
  2 orc warriors
  4 black bears
  3 ogres
  A centaur (D:5)
  A phantom (D:4)
  2 bullfrogs (D:8)
  A scorpion (D:10)
  6 wights (D:6)
  7 killer bees
  2 howler monkeys
  3 bombardier beetles
  A jelly (D:6)
  6 orc priests
  11 orc wizards
  3 iguanas
  7 gnolls
  3 adders
  A shadow imp (D:6)
  A dart slug (D:1)
  3 ribbon worms
  40 orcs
  3 ball pythons
  6 endoplasms
  3 giant cockroaches
  4 goblins
  2 hobgoblins (D:3)
  3 jackals (D:2)
  8 bats
  2 frilled lizards
  5 kobolds
  8 rats
169 creatures vanquished.

Vanquished Creatures (others)
  A hobgoblin (D:3)
  28 blazeheart cores
29 creatures vanquished.

Grand Total: 357 creatures vanquished

Notes
Turn   | Place    | Note
-------+----------+-------------------------------------------
     0 | D:1      | croobank the Gnoll Summoner began the quest for the Orb.
     0 | D:1      | Reached XP level 1. HP: 13/13 MP: 6/6
   339 | D:1      | Reached XP level 2. HP: 18/19 MP: 4/7
   364 | D:1      | Learned a level 2 spell: Call Imp
   773 | D:1      | Reached skill level 5 in Spellcasting
   773 | D:1      | Reached XP level 3. HP: 25/25 MP: 7/9
  1454 | D:2      | Reached skill level 1 in Invocations
  1462 | D:2      | Learned a level 3 spell: Call Canine Familiar
  1709 | D:2      | Reached skill level 1 in Fighting
  1709 | D:2      | Reached skill level 1 in Short Blades
  1709 | D:2      | Reached skill level 1 in Long Blades
  1709 | D:2      | Reached skill level 1 in Axes
  1709 | D:2      | Reached skill level 1 in Maces & Flails
  1709 | D:2      | Reached skill level 1 in Polearms
  1709 | D:2      | Reached skill level 1 in Staves
  1709 | D:2      | Reached skill level 1 in Ranged Weapons
  1709 | D:2      | Reached skill level 1 in Throwing
  1709 | D:2      | Reached skill level 1 in Armour
  1709 | D:2      | Reached skill level 1 in Shields
  1709 | D:2      | Reached skill level 1 in Unarmed Combat
  1709 | D:2      | Reached skill level 1 in Evocations
  1714 | D:2      | Reached skill level 1 in Shapeshifting
  1714 | D:2      | Reached XP level 4. HP: 32/32 MP: 3/11
  1879 | D:2      | Reached skill level 1 in Conjurations
  1879 | D:2      | Reached skill level 1 in Hexes
  1879 | D:2      | Reached skill level 1 in Necromancy
  1879 | D:2      | Reached skill level 1 in Translocations
  1879 | D:2      | Reached skill level 1 in Fire Magic
  1879 | D:2      | Reached skill level 1 in Ice Magic
  1879 | D:2      | Reached skill level 1 in Air Magic
  1879 | D:2      | Reached skill level 1 in Earth Magic
  1879 | D:2      | Reached skill level 1 in Alchemy
  2662 | D:3      | Reached XP level 5. HP: 37/37 MP: 4/12
  3006 | D:3      | Learned a level 4 spell: Summon Blazeheart Golem
  3060 | D:3      | Got Ikiutwau's Dissertation on the Non-Euclidean Damned
  3452 | D:3      | Found a faded altar of an unknown god.
  3487 | D:4      | Noticed Eustachio
  3500 | D:4      | Killed Eustachio
  3501 | D:4      | Reached skill level 5 in Dodging
  3501 | D:4      | Reached XP level 6. HP: 24/44 MP: 8/14
  3821 | D:4      | Reached XP level 7. HP: 24/50 MP: 13/15
  3957 | D:4      | Learned a level 4 spell: Summon Lightning Spire
  4077 | D:4      | Found Ciahemuu's General Store.
  4091 | D:4      | Bought a scroll of enchant weapon for 82 gold pieces
  4091 | D:4      | Bought a scroll of identify for 22 gold pieces
  4261 | D:4      | Found Gamuogag's Weapon Emporium.
  4342 | D:4      | Reached skill level 5 in Stealth
  4619 | D:4      | Found Terokin's Assorted Antiques.
  4622 | D:4      | Bought a scroll labelled JEKECENGEI for 19 gold pieces
  4622 | D:4      | Bought a scroll labelled TIJAEGUINE for 19 gold pieces
  4622 | D:4      | Bought a fuming amethyst potion for 17 gold pieces
  4660 | D:5      | Entered Level 5 of the Dungeon
  4900 | D:5      | Reached XP level 8. HP: 38/58 MP: 9/16
  5200 | D:5      | Found a staircase to the Ecumenical Temple.
  5264 | Temple   | Entered the Ecumenical Temple
  6602 | D:6      | Found a broken altar of Ashenzari.
  6610 | D:6      | Became a worshipper of Ashenzari the Shackled
  6664 | D:6      | Found Gyfonu's Distillery.
  6727 | D:6      | Bought a potion of degeneration for 11 gold pieces
  6727 | D:6      | Bought a potion of heal wounds for 55 gold pieces
  6727 | D:6      | Bought a potion of heal wounds for 55 gold pieces
  6727 | D:6      | Bought a potion of curing for 33 gold pieces
  6860 | D:6      | Reached XP level 9. HP: 65/65 MP: 14/18
  7576 | D:7      | Found Vemaimi Cemp's Book Shop.
  7723 | D:7      | Found an ornate altar of the Wu Jian Council.
  7723 | D:7      | Found a stormy altar of Qazlal.
  7906 | D:7      | Reached skill level 5 in Invocations
  7995 | D:7      | Reached * piety under Ashenzari
  8447 | D:8      | Noticed a troll
  8466 | D:8      | Killed a troll
  8703 | D:8      | Noticed Psyche
  8710 | D:8      | Killed Psyche
  8953 | D:8      | Reached skill level 5 in Fighting
  8953 | D:8      | Reached skill level 5 in Short Blades
  8953 | D:8      | Reached skill level 5 in Long Blades
  8953 | D:8      | Reached skill level 5 in Axes
  8953 | D:8      | Reached skill level 5 in Maces & Flails
  8953 | D:8      | Reached skill level 5 in Polearms
  8953 | D:8      | Reached skill level 5 in Staves
  8953 | D:8      | Reached skill level 5 in Ranged Weapons
  8953 | D:8      | Reached skill level 5 in Throwing
  8953 | D:8      | Reached skill level 5 in Armour
  8953 | D:8      | Reached skill level 5 in Shields
  8953 | D:8      | Reached skill level 5 in Unarmed Combat
  8953 | D:8      | Reached skill level 5 in Evocations
  8953 | D:8      | Reached XP level 10. HP: 74/74 MP: 17/20
  9197 | D:8      | Found Iceufice's Jewellery Boutique.
  9627 | D:9      | Reached ** piety under Ashenzari
  9886 | D:9      | Found a staircase to the Orcish Mines.
 10233 | D:9      | Found a glowing golden altar of the Shining One.
 10234 | D:9      | Found a burning altar of Makhleb.
 10234 | D:9      | Found an iron altar of Okawaru.
 10236 | D:9      | Found a hide-covered altar of Uskayaw.
 10236 | D:9      | Found a shadowy altar of Dithmenos.
 10241 | D:9      | Noticed a deep elf pyromancer
 10252 | D:9      | Killed a deep elf pyromancer
 10253 | D:9      | Reached skill level 5 in Shapeshifting
 10589 | D:10     | Entered Level 10 of the Dungeon
 10626 | D:10     | Noticed Urug
 10629 | D:10     | Noticed a kobold demonologist
 10638 | D:10     | Killed Urug
 10639 | D:10     | Reached skill level 5 in Conjurations
 10639 | D:10     | Reached skill level 5 in Hexes
 10639 | D:10     | Reached skill level 5 in Necromancy
 10639 | D:10     | Reached skill level 5 in Translocations
 10639 | D:10     | Reached skill level 5 in Fire Magic
 10639 | D:10     | Reached skill level 5 in Ice Magic
 10639 | D:10     | Reached skill level 5 in Air Magic
 10639 | D:10     | Reached skill level 5 in Earth Magic
 10639 | D:10     | Reached skill level 5 in Alchemy
 10639 | D:10     | Reached XP level 11. HP: 59/84 MP: 5/24
 10645 | D:10     | Noticed a sun demon
 10843 | D:10     | Found a basalt altar of Yredelemnul.
 10864 | D:10     | Noticed Maurice
 10879 | D:10     | Killed Maurice
 11047 | D:10     | Found a staircase to the Lair.
 11190 | D:10     | Noticed Snorg
 11223 | D:10     | Killed Snorg
 11305 | D:10     | Found a white marble altar of Elyvilon.
 11602 | D:11     | Found a gate leading to a gauntlet.
 11607 | Gauntlet | Entered a Gauntlet
 11607 | Gauntlet | Found a transporter.
 11607 | Gauntlet | Found a transporter.
 11625 | Gauntlet | Found a transporter.
 11629 | Gauntlet | Noticed a necromancer
 11637 | Gauntlet | Found a transporter.
 11654 | Gauntlet | Found a transporter.
 11654 | Gauntlet | Found a transporter.
 11654 | Gauntlet | Identified the ring of Ifuaheos {rPois MP+9 Str+3 Int+3}
 11655 | Gauntlet | Found a transporter.
 11657 | Gauntlet | Found a transporter.
 11657 | Gauntlet | Found a transporter.
 11660 | Gauntlet | Noticed a green death
 11670 | Gauntlet | Found a runed translucent door.
 11671 | Gauntlet | Found a runed translucent door.
 11674 | Gauntlet | Found a transporter.
 11674 | Gauntlet | Identified the ring of Gaixyi {rC+ Int+2}
 11683 | Gauntlet | Noticed an obsidian statue
 11690 | Gauntlet | Found a transporter.
 11700 | Gauntlet | Found a transporter.
 11700 | Gauntlet | Noticed an arcanist
 11701 | Gauntlet | Noticed an arcanist
 11703 | Gauntlet | Identified the amulet "Vuref" {Acrobat rPois Str-3 Dex+4}
 11717 | Gauntlet | Found a transporter.
 11736 | Gauntlet | Found a transporter.
 11736 | Gauntlet | Identified the +1 pair of boots of Vittacra {rN+}
 11772 | Gauntlet | Noticed a fire crab
 11794 | D:11     | Found the +7 great mace "Firestarter" {flame, immolate,
                  | rFlCloud rF++}
 11812 | D:11     | Noticed Harold
 11823 | D:11     | Killed Harold
 11918 | D:11     | Found Tuigho's Antique Armour Shoppe.
 12427 | D:12     | Noticed a cyclops
 12431 | D:12     | Killed a cyclops
 12732 | D:12     | Noticed a cyclops
 12738 | D:12     | Killed a cyclops
 12739 | D:12     | Reached XP level 12. HP: 46/93 MP: 24/26
 12864 | D:8      | Reached *** piety under Ashenzari
 13421 | D:12     | Noticed a boulder beetle
 13433 | D:12     | Killed a boulder beetle
 14057 | Lair:1   | Entered Level 1 of the Lair of Beasts
 14230 | Lair:1   | HP: 2/95 [yak (6)]
 14230 | Lair:1   | Slain by a yak

Illustrated notes

Levels and vault maps discovered:
D:1:      dpeg_arrival_ratfight, layout_basic, serial_glass, glass_columns_b,
          glass_columns_a, glass_columns_a, glass_columns_a, glass_columns_a,
          glass_columns_a, minmay_surrounded
D:2:      minmay_wonky_spiral, layout_basic, minmay_worlds_worst_comb
D:3:      layout_basic, hellmonk_ecumenical_altar_inner_sanctum
D:4:      layout_basic, serial_shops, nicolae_shop_window_shopping,
          nicolae_shop_bloodbath_and_beyond, nicolae_shop_real_fake_doors,
          minmay_door_square, wad_floor_pattern_untrapped, uniq_eustachio
D:5:      minmay_skewed_foursquare, layout_loops_ring,
          minmay_temple_entry_glassed_door, kennysheep_cross_room
D:6:      layout_loops_ring, cheibrodos_ashenzari_chains, serial_shops,
          nicolae_shop_peninsula
D:7:      layout_gridville, gammafunk_temple_overflow_wave, serial_shops, shop
D:8:      layout_cave_pods, serial_shops, shop, uniq_psyche
D:9:      layout_irregular_city, grunt_temple_overflow_open, hiddenorc2_lemuel
D:10:     layout_basic, kennysheep_ying_yang, due_lair_maze_entry_diamond,
          uniq_snorg, uniq_urug, uniq_maurice
D:11:     minmay_twisted_water, layout_basic, gauntlet_entry_generic,
          serial_shops, shop_statue, uniq_harold
D:12:     layout_gridville
Temple:   hellmonk_temple_forest_ring
Lair:1:   layout_chaotic_city, beast_lair_carwin_2

Skill      XL: |  1  2  3  4  5  6  7  8  9 10 11 12 |
---------------+-------------------------------------+-----
Spellcasting   | 5 6 7 8 9 |  9.2
Invocations    | 1 2 3 4 5 6 7 8 |  8.3
Fighting       | 1 2 3 5 6 7 |  7.6
Short Blades   | 1 2 3 5 6 7 |  7.6
Long Blades    | 1 2 3 5 6 7 |  7.6
Axes           | 1 2 3 5 6 7 |  7.6
Maces & Flails | 1 2 3 5 6 7 |  7.6
Polearms       | 1 2 3 5 6 7 |  7.6
Staves         | 1 2 3 5 6 7 |  7.6
Ranged Weapons | 1 2 3 5 6 7 |  7.6
Throwing       | 1 2 3 5 6 7 |  7.6
Armour         | 1 2 3 5 6 7 |  7.6
Shields        | 1 2 3 5 6 7 |  7.6
Unarmed Combat | 1 2 3 5 6 7 |  7.6
Evocations     | 1 2 3 5 6 7 |  7.6
Shapeshifting  | 1 2 3 4 5 6 |  6.9
Conjurations   | 1 2 3 4 5 6 |  6.3
Hexes          | 1 2 3 4 5 6 |  6.3
Necromancy     | 1 2 3 4 5 6 |  6.3
Translocations | 1 2 3 4 5 6 |  6.3
Fire Magic     | 1 2 3 4 5 6 |  6.3
Ice Magic      | 1 2 3 4 5 6 |  6.3
Air Magic      | 1 2 3 4 5 6 |  6.3
Earth Magic    | 1 2 3 4 5 6 |  6.3
Alchemy        | 1 2 3 4 5 6 |  6.3
Dodging        | 5 6 7 8 9 |  9.0
Stealth        | 5 6 7 8 |  8.8
Summonings     | 8 9 |  9.6

Action                     |  1- 3 |  4- 6 |  7- 9 | 10-12 || total
---------------------------+-------+-------+-------+-------++-------
  Melee: Unarmed           |     7 |       |       |       ||     7
         Bite              |     6 |     8 |    12 |    16 ||    42
         Dagger            |    28 |    56 |       |       ||    84
         Hand axe          |       |    52 |    98 |    49 ||   199
         Great mace        |       |       |       |    95 ||    95
   Cast: Summon Small Mamm |    34 |    20 |    35 |     2 ||    91
         Call Imp          |    12 |    12 |    21 |     2 ||    47
         Call Canine Famil |     3 |    11 |    19 |     3 ||    36
         Summon Blazeheart |       |       |    12 |    27 ||    39
         Summon Lightning  |       |       |     4 |    28 ||    32
 Invoke: Curse Item        |       |       |     2 |     3 ||     5
  Evoke: Wand              |       |       |       |     6 ||     6
    Use: Scroll            |       |    13 |     6 |     4 ||    23
         Potion            |       |       |       |     1 ||     1
   Stab: Sleeping          |     3 |     8 |     8 |     5 ||    24
         Distracted        |       |       |       |     1 ||     1
 Armour: Robe              |    31 |    63 |    68 |       ||   162
         Troll leather arm |       |       |     6 |   182 ||   188
  Dodge: Dodged            |    38 |    96 |    65 |   171 ||   370
  Block: Other             |       |     8 |    25 |    53 ||    86
         Reflection        |       |       |     2 |     2 ||     4

Table legend: (Time is in decaauts)
 A = Elapsed time spent in this place.
 B = Non-inter-level travel time spent in this place.
 C = Inter-level travel time spent in this place.
 D = Time resting spent in this place.
 E = Time spent auto-exploring this place.
 F = Levels seen in this place.
 G = Mean time per level.
                   A        B        C        D        E       F      G
               +--------+--------+--------+--------+--------+-----+--------+
         Total |  14297 |  13666 |    631 |   1750 |   8664 |  15 |  953.1 |
       Dungeon |  13817 |  13197 |    620 |   1648 |   8560 |  12 | 1151.4 |
        Temple |    122 |    111 |     11 |    100 |      0 |   1 |  122.0 |
          Lair |    182 |    182 |      0 |      0 |     98 |   1 |  182.0 |
      Gauntlet |    173 |    173 |      0 |      2 |      6 |   1 |  173.0 |
               +--------+--------+--------+--------+--------+-----+--------+

Top non-repeatable levels by time:
    D:12: 1450 daAuts
     D:1: 1448 daAuts
     D:5: 1401 daAuts
     D:8: 1273 daAuts
     D:6: 1248 daAuts
     D:9: 1201 daAuts
     D:4: 1183 daAuts
     D:2: 1112 daAuts
    D:10: 934 daAuts
     D:7: 927 daAuts
     D:3: 923 daAuts
    D:11: 713 daAuts
  Lair:1: 182 daAuts
Gauntlet: 173 daAuts
  Temple: 122 daAuts
